 Dungeon Crawl Stone Soup version 0.27.1-33-g824d729ab1 (webtiles) character file.

Game seed: 15225964509981976961

445 ig889090 the Shield-Bearer (level 7, -1/54 HPs)
             Began as a Formicid Fighter on Dec 3, 2021.
             Was a Plaything of Xom.
             Slain by a howler monkey skeleton (6 damage)
             ... on level 6 of the Dungeon.
             The game lasted 00:12:05 (2126 turns).

ig889090 the Shield-Bearer (Formicid Fighter)       Turns: 2126, Time: 00:12:06

Health: -1/54      AC: -4    Str: 22    XL:     7   Next: 23%
Magic:  7/7        EV:  9    Int:  8    God:    Xom [....*.]
Gold:   87         SH: 10    Dex: 10    Spells: 6/6 levels left

rFire    . . .     SeeInvis +   f - +3 short sword (venom)
rCold    . . .     Faith    .   c - +0 kite shield
rNeg     . . .     Spirit   .   b - +0 scale mail
rPois    .         Reflect  .   (helmet unavailable)
rElec    .         Harm     .   (no cloak)
rCorr    .         Rampage  .   (no gloves)
Will     .....                  (no boots)
Stlth    ..........             (no amulet)
HPRegen  0.18/turn              (no ring)
MPRegen  0.10/turn              (no ring)

@: corroded
A: permanent stasis, dig shafts and tunnels, antennae 3, four strong arms
a: Dig, Shaft Self, Renounce Religion


You were on level 6 of the Dungeon.
You worshipped Xom.
You were a beloved toy of Xom.
You visited 2 branches of the dungeon, and saw 6 of its levels.

You collected 87 gold pieces.

Inventory:

Hand Weapons
 a - a +0 trident
 f - a +3 short sword of venom (weapon)
Armour
 b - a +0 scale mail (worn)
 c - a +0 kite shield (worn)
Scrolls
 e - 2 scrolls of identify {unknown}
Potions
 d - a potion of ambrosia {unknown}


   Skills:
 + Level 4.0 Fighting
 + Level 1.8 Short Blades
 + Level 3.7 Polearms
 + Level 4.8 Armour
 + Level 1.1 Dodging
 + Level 0.1 Stealth
 + Level 6.0 Shields


You had 6 spell levels left.
You didn't know any spells.
Your spell library contained the following spells:

 Spells                   Type           Power      Damage    Failure   Level
 Static Discharge         Conj/Air       0%         N/A       97%         2
 Lightning Bolt           Conj/Air       0%         1d11      100%        5
 Maxwell's Capacitive Co  Air            0%         ∞         100%        8


Dungeon Overview and Level Annotations

Branches:
Dungeon (6/15)             Temple (1/1) D:4

Altars:
Ashenzari
Fedhas
Gozag
Kikubaaqudgha
Nemelex Xobeh
Okawaru
Trog
Vehumet
Xom

Annotations:
D:5 4 runed translucent doors


Innate Abilities, Weirdness & Mutations

You cannot be hasted, slowed, berserked, paralysed or teleported.
You can dig through walls and to a lower floor.
You have a pair of large antennae on your head. (SInv)
Your four strong arms can wield two-handed weapons with a shield.


Message History

You miss the adder.
The adder is almost dead.
You kill the adder!
You hit the jelly.
The jelly is poisoned.
Your hands burn!
The jelly is moderately wounded.
The jelly barely misses you.
You hit the jelly. The acid corrodes you!
Your hands burn!
The jelly is severely wounded.
The jelly hits you. The acid corrodes you!
You are splashed with acid!
You hit the jelly but do no damage.
Your hands burn!
The jelly is severely wounded.
You block the jelly's attack.
You hit the jelly but do no damage. The acid corrodes you!
Your hands burn!
* * * LOW HITPOINT WARNING * * *
The jelly is severely wounded.
The jelly misses you.
You hit the jelly.
Your hands burn!
* * * LOW HITPOINT WARNING * * *
You emit a cloud of colourful smoke!
The jelly is almost dead.
You kill the jelly!
Your Shields skill increases to level 6!
You hit the howler monkey skeleton.
The howler monkey skeleton is moderately damaged.
The howler monkey skeleton hits you.
* * * LOW HITPOINT WARNING * * *
You hit the howler monkey skeleton.
The howler monkey skeleton is heavily damaged.
The howler monkey skeleton closely misses you.
The howler monkey skeleton hits you.
* * * LOW HITPOINT WARNING * * *
The howler monkey skeleton barely misses you.
You barely miss the howler monkey skeleton.
The howler monkey skeleton is heavily damaged.
You block the howler monkey skeleton's attack. x2
You hit the howler monkey skeleton but do no damage.
The howler monkey skeleton is heavily damaged.
The howler monkey skeleton hits you.
You die... "It's all fun and games until someone loses an eye."

#.,#...##,
*#(. #.{.#{
{ #..#
,#.{.## ,
#...*
,*#{§.# {
#..#,, ,
#.{§##
#...#*,
*,##.{.#
##☼.# , ,
+§{.# #Z#
** * ###§##
#@# #.{§#
#§# #{§##
#.# #{##
#.# #§# #.#
###§# #.#
#.§§# # #.#
##§### #.
#.#
###§..#####
.. #.#
#.§.#......


You could see a howler monkey skeleton.

Vanquished Creatures
  An ogre (D:5)
  A bullfrog (D:6)
  A scorpion (D:5)
  A gnoll shaman (D:5)
  2 jellies
  A bullfrog skeleton (D:4)
  A hound (D:6)
  5 gnolls (D:5)
  2 adders
  A white imp (D:5)
  3 endoplasms
  2 goblins (D:1)
  A hobgoblin (D:1)
  A kobold (D:1)
  A quokka (D:1)
  2 ball pythons (D:1)
  A frilled lizard (D:1)
27 creatures vanquished.

Notes
Turn   | Place    | Note
-------+----------+-------------------------------------------
     0 | D:1      | ig889090 the Formicid Fighter began the quest for the Orb.
     0 | D:1      | Reached XP level 1. HP: 18/18 MP: 1/1
   237 | D:1      | Reached XP level 2. HP: 10/24 MP: 2/2
   463 | D:1      | Reached skill level 4 in Shields
   469 | D:1      | You fall into a shaft and drop 1 floor!
   472 | D:2      | You fall into a shaft and drop 2 floors!
   490 | D:4      | Found a staircase to the Ecumenical Temple.
   499 | Temple   | Entered the Ecumenical Temple
   543 | Temple   | Became a worshipper of Xom of Chaos
   581 | D:4      | XOM: divination: detect items
   709 | D:4      | Reached skill level 5 in Shields
   709 | D:4      | Reached XP level 3. HP: 29/29 MP: 3/3
   720 | D:4      | Reached XP level 4. HP: 35/35 MP: 4/4
   726 | D:4      | Noticed a centaur
   732 | D:4      | You fall into a shaft and drop 2 floors!
   919 | D:5      | XOM: stealth player
   919 | D:5      | Entered Level 5 of the Dungeon
   919 | D:5      | Noticed a water moccasin
   919 | D:5      | Noticed a water moccasin
   919 | D:5      | Noticed a scorpion
   931 | D:5      | Found a runed translucent door.
   933 | D:5      | Noticed a scorpion
   934 | D:5      | Found a runed translucent gate.
   934 | D:5      | Noticed a scorpion
   937 | D:5      | Found the +9 staff of Olgreb {rPois∞}
  1095 | D:5      | XOM: cloud trail
  1106 | D:5      | XOM: god gift: 22 sling bullets
  1228 | D:5      | Found a runed translucent gate.
  1228 | D:5      | Found a runed translucent gate.
  1230 | D:5      | Noticed a redback
  1230 | D:5      | Noticed a redback
  1230 | D:5      | Noticed a scorpion
  1230 | D:5      | Noticed a scorpion
  1230 | D:5      | Noticed a scorpion
  1230 | D:5      | Noticed a scorpion
  1230 | D:5      | Noticed a redback
  1230 | D:5      | Noticed a scorpion
  1301 | D:5      | XOM: summons 2 friendly demons
  1304 | D:5      | XOM: noise
  1311 | D:5      | XOM: silly message
  1313 | D:5      | Reached XP level 5. HP: 27/41 MP: 5/5
  1413 | D:5      | XOM: god gift: scroll labelled NEAFRA XOSTIU {god gift}
  1512 | D:5      | XOM: noise
  1521 | D:5      | Reached XP level 6. HP: 45/48 MP: 6/6
  1534 | D:5      | Noticed an ogre
  1538 | D:5      | XOM: silly message
  1545 | D:5      | XOM: butterfly on damage
  1546 | D:5      | Killed an ogre
  1547 | D:5      | Reached skill level 1 in Short Blades
  1586 | D:5      | XOM: silly message
  1925 | D:5      | XOM is BORED!
  1925 | D:5      | XOM: noise
  2064 | D:6      | XOM: cloud trail
  2071 | D:6      | Noticed a sky beast
  2073 | D:6      | XOM: divination: magic mapping
  2112 | D:6      | Reached skill level 1 in Dodging
  2112 | D:6      | Reached XP level 7. HP: 41/54 MP: 7/7
  2119 | D:6      | XOM: smoke on damage
  2120 | D:6      | Reached skill level 6 in Shields
  2126 | D:6      | Slain by a howler monkey skeleton

Illustrated notes

Levels and vault maps discovered:
D:1:      scummos_arrival_hexagon, layout_basic, bh_walls_and_bars
D:2:      layout_basic, item_on_display_b
D:4:      layout_layer_cave, nzn_wu_jian_contemplation,
          minmay_temple_entry_grid, gammafunk_ghost_mausoleum,
          guppyfry_early_orc_mine
D:5:      layout_basic, nicolae_uskayaw_en_pointe,
          minmay_guarded_unrand_staff_of_olgreb, uniq_prince_ribbit1
D:6:      minmay_razor_zed, layout_loops_ring, nicolae_ru_the_path_less_chosen,
          uniq_sigmund, uniq_grinder
Temple:   nicolae_temple_elliptical

Skill      XL: |  1  2  3  4  5  6  7 |
---------------+----------------------+-----
Shields        | 5 6 |  6.0
Armour         | 4 |  4.8
Polearms       | 3 |  3.7
Short Blades   | 1 |  1.8
Fighting       | 4 |  4.0
Dodging        | 1 |  1.1
Stealth        | |  0.1

Action                   |  1- 3 |  4- 6 |  7- 9 || total
-------------------------+-------+-------+-------++-------
Melee: Trident           |    50 |    12 |       ||    62
       Short sword       |       |    46 |    12 ||    58
 Abil: Dig               |    18 |     9 |       ||    27
       Shaft Self        |     2 |     1 |       ||     3
  Use: Potion            |     1 |       |       ||     1
       Scroll            |       |     1 |       ||     1
Armor: Scale mail        |    18 |    13 |       ||    31
Dodge: Dodged            |    14 |    19 |     4 ||    37
Block: Kite shield       |    22 |    27 |     5 ||    54
